 Dungeon Crawl Stone Soup version 0.14-a0-1444-g21dc12d (webtiles) character file.

7219 4tharraofdagon the Arsonist (level 10, 0/69 HPs)
             Began as a Centaur Fire Elementalist on Dec 12, 2013.
             Was a Believer of Ashenzari.
             Succumbed to a water moccasin's poison
             ... on Level 2 of the Lair of Beasts.
             The game lasted 00:38:56 (5235 turns).

4tharraofdagon the Arsonist (CeFE)                  Turns: 5235, Time: 00:38:56

HP   0/69        AC  8     Str 10      XL: 10   Next: 75%
MP   1/21        EV 10     Int 23      God: Ashenzari [**....]
Gold 462         SH  0     Dex 20      Spells:  6 memorised,  4 levels left

rFire  + + .     SeeInvis .     U - staff of fire (curse)
rCold  x . .     Clarity  .     k - +0 robe "Woler" {Dex+5 Int+3}
rNeg   . . .     Conserve +     (no shield)
rPois  .         rCorr    .     a - +1 wizard hat {Int+3} (curse)
rElec  .         rRot     .     N - +2 cloak {MR+}
SustAb . .       Spirit   .     (no gloves)
rMut   .         Warding  .     (no barding)
Saprov . . .     Stasis   .     T - amulet of conservation
                                V - ring of wizardry
                                x - ring of fire

@: mildly poisoned, very quick, quite resistant to hostile enchantments, fairly
stealthy
A: hooves 3, thin skeletal structure 1, agile 1, deformed body, herbivore 1,
speed 2, fast metabolism 1, tough skin 3
a: Renounce Religion


You were on level 2 of the Lair of Beasts.
You worshipped Ashenzari.
Ashenzari was pleased with you.
You were not hungry.

You visited 3 branches of the dungeon, and saw 14 of its levels.
You also visited: Labyrinth and Sewer.

You collected 462 gold pieces.

Inventory:

Hand weapons
 L - a +3,+1 dagger of distortion
 P - a +0 blowgun
Missiles
 e - 16 darts (quivered)
 i - 4 curare-tipped needles
Armour
 a - a cursed +1 wizard hat of intelligence (worn)
 k - the cursed +0 robe "Woler" (worn) {Dex+5 Int+3}
   (You found it in a labyrinth)

   It affects your intelligence (+3).
   It affects your dexterity (+5).
   It has a curse placed upon it.
 N - a +2 cloak of magic resistance (worn)
 Q - the +2 leather armour of the Equator {rElec}
   (You found it on level 10 of the Dungeon)

   It insulates you from electricity.
Magical devices
 m - a wand of draining (6)
 o - a wand of disintegration (20)
 M - a wand of digging (7)
 S - a wand of cold (6)
 W - a wand of paralysis (7)
Comestibles
 c - 6 bread rations
Scrolls
 d - 2 scrolls of immolation
 f - a scroll of enchant weapon II
 l - 5 scrolls of remove curse
 r - 3 scrolls of teleportation
 t - 3 scrolls of curse weapon
 u - a scroll of identify
 y - a scroll of magic mapping
 z - 2 scrolls of blinking
 G - a scroll of enchant weapon III
 H - 3 scrolls of amnesia
Jewellery
 g - a +3 ring of evasion
 h - an uncursed ring of poison resistance
 q - a +5,+5 ring of slaying
 x - a ring of fire (left hand)
 R - a +2 ring of intelligence
 T - an amulet of conservation (around neck)
 V - a ring of wizardry (right hand)
 X - the amulet "Ciohihoa" {+Rage rC+}
   (You found it in a labyrinth)

   [amulet of rage]

   It protects you from cold.
 Y - an uncursed ring of magical power
 Z - a cursed ring of teleportation
Potions
 j - 3 potions of heal wounds
 n - 4 potions of flight
 v - a potion of might
 w - a potion of brilliance
 A - 2 potions of curing
 O - 2 potions of cure mutation
Books
 b - a book of Flames

   Spells                             Type                      Level
   *Flame Tongue                      Conjuration/Fire             1
   Throw Flame                        Conjuration/Fire             2
   *Conjure Flame                     Conjuration/Fire             3
   Inner Flame                        Hexes/Fire                   3
   *Sticky Flame                      Conjuration/Fire             4
   *Fireball                          Conjuration/Fire             5
 E - a book of Envenomations

   Spells                             Type                      Level
   Spider Form                        Transmutation/Poison         3
   Poison Weapon                      Charms/Poison                3
   Summon Scorpions                   Summoning/Poison             4
   Olgreb's Toxic Radiance            Poison                       4
   Poisonous Cloud                    Conjuration/Poison/Air       6
 J - a book of Burglary

   Spells                             Type                      Level
   *Apportation                       Translocation                1
   *Swiftness                         Charms/Air                   2
   Passwall                           Transmutation/Earth          3
   Passage of Golubria                Translocation                4
   Lee's Rapid Deconstruction         Earth                        5
   Darkness                           Hexes                        7
Magical staves
 D - an uncursed staff of wizardry
 K - an uncursed staff of earth
 U - a cursed staff of fire (weapon)
Miscellaneous
 p - a plain deck of changes
 s - a plain deck of changes
 B - a plain deck of defence {the Blade}
Rods
 C - a +8 rod of destruction (11/11)
   (You found it in a labyrinth)


   Skills:
 - Level 1.3 Dodging
 - Level 1.2 Stealth
 + Level 5.7 Spellcasting
 * Level 9.4 Conjurations
 + Level 3.8 Translocations
 * Level 9.5 Fire Magic


You had 4 spell levels left.
You knew the following spells:

 Your Spells              Type           Power        Failure   Level  Hunger
a - Flame Tongue          Conj/Fire      #####        1%          1    None
b - Conjure Flame         Conj/Fire      #######.     1%          3    ##.....
c - Sticky Flame          Conj/Fire      #######.     1%          4    ###....
d - Fireball              Conj/Fire      #######...   3%          5    #####..
e - Apportation           Tloc           ###.......   1%          1    None
f - Swiftness             Chrm/Air       #.......     7%          2    None


Dungeon Overview and Level Annotations

Branches:
Dungeon (11/16)            Temple (1/1) D:4            Lair (2/8) D:10
    Orc: D:9-12

Altars:
Ashenzari
Cheibriados
Elyvilon
Fedhas
Kikubaaqudgha
Makhleb
Nemelex Xobeh
Okawaru
Sif Muna
Trog
Vehumet
Xom
Yredelemnul
Zin
the Shining One

Shops:
D:10 (

Annotations:
D:6 4tharraofdagon's ghost, weakling CeFE
D:11 Nessos


Innate Abilities, Weirdness & Mutations

You have hooves in place of feet.
Armour fits poorly on your strangely shaped body.
You digest meat inefficiently.
You cover ground very quickly.
You have a fast metabolism.
You have extremely tough skin (AC +3).
You have a somewhat thin skeletal structure (Dex +2, Stlth).
You are agile. (Dex +2)


Message History

You drop a wand of draining {empty}.
m - a wand of draining A water moccasin comes into view.
The water moccasin hisses angrily.
The water moccasin bites you!
* * * LOW HITPOINT WARNING * * *
You are poisoned.
The water moccasin poisons you!
Casting: Fireball
Confirm with . or Enter, or press ? or * to list all spells.
Aiming: Sticky Flame
Press: ? - help, Shift-Dir - straight line, f - water moccasin
Aim: a water moccasin You feel a strong surge of power!
The sticky flame hits the water moccasin.
The water moccasin is heavily wounded.
The water moccasin is covered in liquid flames!
The water moccasin burns!
The water moccasin bites you.
* * * LOW HITPOINT WARNING * * *
You die...

##.# #### *#.........).......
#...####..#####...............f
##....##.....P.......%........##
##................#..............
................/..........[.....
...$.............................
.:........<..(...................
..........................%......
...P..........S.@................
....P........#.#..####...........
.##..#...#######...#.........#..
P...#.## #f...............
##.#### #.............>.#
#..............## , *
##.#.#......P..#* *
###.......##...# ,,
###......#...#


You could see a water moccasin (burning).

Vanquished Creatures
  A minotaur (Lab)
  A hydra (Lair:2)
  An unseen horror (D:10)
  A cyclops (D:10)
  Maurice (D:9)
  Psyche (D:9)
  Grinder (D:3)
  A troll (D:6)
  A komodo dragon (Lair:2)
  A hippogriff (D:9)
  Eustachio (D:6)
  A deep elf fighter (D:10)
  Edmund (D:6)
  2 porcupines (Lair:2)
  A black bear (D:10)
  4 sky beasts
  A centaur (D:6)
  2 ogres
  3 crocodiles
  2 giant frogs
  A giant slug (Lair:1)
  A water moccasin (Lair:2)
  A hound (D:6)
  A goliath beetle (D:10)
  A crimson imp (D:6)
  3 jellies
  A siren (Sewer)
  A two-headed ogre zombie (D:6)
  4 orc priests
  4 iguanas
  2 scorpions
  A mermaid (Sewer)
  5 worker ants
  A big kobold zombie (D:9)
  3 sheep
  2 ogre skeletons
  11 adders
  3 gnolls
  A giant centipede (D:7)
  5 green rats
  A giant mite (Sewer)
  2 worms
  4 grey rats
  20 orcs
  4 ball pythons
  3 giant cockroaches (Sewer)
  6 goblins
  6 hobgoblins
  2 kobolds
  3 quokkas
  11 bats
  4 giant geckos
  A giant gecko skeleton (D:5)
  4 giant newts
  A giant spore (D:6)
  A goblin zombie (D:5)
  2 kobold zombies (D:5)
  2 orc skeletons
  33 rats
  2 ballistomycetes (D:6)
192 creatures vanquished.

Vanquished Creatures (others)
  A hobgoblin skeleton (D:6)
  A fungus (D:10)
2 creatures vanquished.

Grand Total: 194 creatures vanquished

Notes
Turn   | Place    | Note
--------------------------------------------------------------
     0 | D:1      | 4tharraofdagon, the Centaur Fire Elementalist, began the quest for the Orb.
     0 | D:1      | Reached XP level 1. HP: 14/14 MP: 2/2
   272 | D:2      | Reached skill level 1 in Conjurations
   306 | D:3      | Reached XP level 2. HP: 20/20 MP: 1/3
   374 | D:3      | Reached skill level 3 in Fire Magic
   480 | D:3      | Reached XP level 3. HP: 14/26 MP: 0/5
   485 | D:3      | Learned a level 3 spell: Conjure Flame
   622 | D:3      | Noticed Grinder
   622 | D:3      | Paralysed by Grinder for 6 turns
   742 | D:3      | Paralysed by Grinder for 4 turns
   746 | D:3      | Killed Grinder
   746 | D:3      | Reached skill level 4 in Fire Magic
   746 | D:3      | Reached XP level 4. HP: 11/33 MP: 1/7
   746 | D:3      | Reached XP level 5. HP: 12/38 MP: 1/8
   746 | D:3      | Reached XP level 6. HP: 14/45 MP: 1/10
   763 | D:4      | Learned a level 4 spell: Sticky Flame
   826 | D:4      | Found a glowing drain.
   842 | Sewer    | Entered a sewer
  1217 | D:4      | Found a staircase to the Ecumenical Temple.
  1227 | Temple   | Entered the Ecumenical Temple
  1267 | Temple   | Became a worshipper of Ashenzari the Shackled
  1360 | D:5      | Entered Level 5 of the Dungeon
  1394 | D:5      | Reached XP level 7. HP: 44/50 MP: 4/12
  1478 | D:5      | Reached skill level 5 in Fire Magic
  1699 | D:6      | Reached skill level 5 in Conjurations
  1865 | D:6      | Noticed Edmund
  1871 | D:6      | Killed Edmund
  1871 | D:6      | Reached XP level 8. HP: 17/57 MP: 1/15
  1914 | D:6      | Noticed a troll
  1938 | D:6      | Killed a troll
  1938 | D:6      | Reached skill level 6 in Fire Magic
  2016 | D:6      | Learned a level 5 spell: Fireball
  2027 | D:6      | Gained mutation: You are agile. (Dex +2) [potion of mutation]
  2027 | D:6      | Gained mutation: You have a somewhat thin skeletal structure (Dex +2, Stlth). [potion of mutation]
  2078 | D:6      | Noticed Eustachio
  2096 | D:6      | Killed Eustachio
  2131 | D:6      | Noticed 4tharraofdagon's ghost (weakling CeFE)
  2413 | D:7      | Found a glowing golden altar of the Shining One.
  2478 | D:7      | Reached skill level 7 in Fire Magic
  2587 | D:8      | Reached XP level 9. HP: 62/62 MP: 13/18
  2630 | D:10     | Entered Level 10 of the Dungeon
  2630 | D:10     | Found a snail-covered altar of Cheibriados.
  2630 | D:10     | Noticed a cyclops
  2811 | D:8      | Learned a level 1 spell: Apportation
  2814 | D:8      | Learned a level 2 spell: Swiftness
  2994 | D:9      | Noticed Psyche
  2996 | D:9      | Noticed Maurice
  3019 | D:9      | Killed Psyche
  3019 | D:9      | Reached skill level 1 in Translocations
  3044 | D:9      | Killed Maurice
  3128 | D:10     | Found Wetaaf's Weapon Shoppe.
  3175 | D:10     | Reached skill level 8 in Fire Magic
  3258 | D:10     | Got the uncursed leather armour of the Equator {rElec}
  3266 | D:10     | Identified the +2 leather armour of the Equator {rElec} (You found it on level 10 of the Dungeon)
  3355 | D:11     | Noticed Nessos
  3536 | D:10     | Noticed an unseen horror
  3543 | D:10     | Killed an unseen horror
  3543 | D:10     | Reached skill level 5 in Spellcasting
  3748 | D:10     | Reached XP level 10. HP: 35/69 MP: 11/20
  3815 | D:10     | Killed a cyclops
  3860 | D:10     | Found a staircase to the Lair.
  3878 | Lair:1   | Entered Level 1 of the Lair of Beasts
  3937 | Lair:1   | Found a frozen archway.
  3942 | Lair:1   | Found a labyrinth entrance.
  3952 | Lab      | Entered a labyrinth
  4013 | Lab      | Acquired Ashenzari's first power
  4870 | Lab      | Noticed a minotaur
  4883 | Lab      | Killed a minotaur
  4883 | Lab      | Reached skill level 9 in Fire Magic
  4902 | Lab      | Identified the amulet "Ciohihoa" {+Rage rC+}
  4909 | Lab      | Got the uncursed robe "Woler" {Dex+5 Int+3}
  4909 | Lab      | Identified a +8 rod of destruction (11/11) (You found it in a labyrinth)
  4917 | Lab      | Identified the +0 robe "Woler" {Dex+5 Int+3} (You found it in a labyrinth)
  5070 | Lair:2   | Noticed a six-headed hydra
  5114 | Lair:2   | Killed a six-headed hydra
  5234 | Lair:2   | HP: 1/69 [water moccasin (6)]
  5235 | Lair:2   | Succumbed to a water moccasin's poison

Action                   |  1- 3 |  4- 6 |  7- 9 | 10-12 || total
-------------------------+-------+-------+-------+-------++-------
Melee: Unarmed           |    17 |       |       |       ||    17
       Spear             |     9 |       |       |       ||     9
       Mace              |     4 |       |       |       ||     4
       Dagger            |     1 |    56 |    54 |       ||   111
       Staff             |       |       |    59 |     2 ||    61
Throw: Dart              |       |       |     1 |       ||     1
 Cast: Flame Tongue      |    22 |    43 |    57 |     3 ||   125
       Conjure Flame     |     3 |     2 |    13 |     4 ||    22
       Sticky Flame      |       |     1 |    32 |    16 ||    49
       Fireball          |       |       |     4 |     5 ||     9
Evoke: Wand              |     8 |     1 |     3 |     6 ||    18
  Use: Potion            |     4 |     1 |     3 |       ||     8
       Scroll            |       |     4 |    14 |    10 ||    28
